 Dungeon Crawl Stone Soup version 0.19-a0-1899-g2d93087 (webtiles) character file.

77 Dipster the Chopper (level 4, -4/35 HPs)
             Began as a Formicid Fighter on Oct 19, 2016.
             Slain by Grinder (5 damage)
             ... on level 3 of the Dungeon.
             The game lasted 00:03:06 (1629 turns).

Dipster the Chopper (Formicid Fighter)              Turns: 1629, Time: 00:03:06

Health: -4/35      AC:  6    Str: 25    XL:     4   Next: 60%
Magic:  4/4        EV:  8    Int:  8    God:
Gold:   106        SH: 10    Dex: 11    Spells: 0 memorised, 3 levels left

rFire  . . .     SeeInvis +     a - +0 war axe
rCold  . . .     Gourm    .     b - +0 scale mail
rNeg   . . .     Faith    .     c - +0 shield
rPois  .         Spirit   .     (helmet unavailable)
rElec  .         Reflect  .     (no cloak)
rCorr  .         Harm     .     (no gloves)
MR     .....                    (no boots)
Stlth  ..........               (no amulet)
                                (no ring)
                                n - ring of see invisible

@: mighty, flying
A: permanent stasis, dig shafts and tunnels, four strong arms, antennae 3
a: Dig, Shaft Self


You were on level 3 of the Dungeon.
You were hungry.

You visited 1 branch of the dungeon, and saw 3 of its levels.

You collected 106 gold pieces.

Inventory:

Hand Weapons
 a - a +0 war axe (weapon)
Armour
 b - a +0 scale mail (worn)
 c - a +0 shield (worn)
Jewellery
 n - a ring of see invisible (left hand)
Wands
 o - a wand of digging (20/24)
Scrolls
 e - 5 scrolls of identify {unknown}
 i - 2 scrolls of enchant weapon {unknown}
 k - a scroll of amnesia {unknown}
 m - a scroll of teleportation {unknown}
Potions
 h - a potion of flight
Comestibles
 f - 2 bread rations
 g - 2 meat rations


   Skills:
 - Level 3.2 Fighting
 + Level 4.4 Axes
 - Level 3.2 Armour
 - Level 3.6 Shields


You had 3 spell levels left.
You didn't know any spells.

Dungeon Overview and Level Annotations

Branches:
Dungeon (3/15)

Altars:
Trog
Uskayaw
Yredelemnul

Annotations:
D:3 Grinder


Innate Abilities, Weirdness & Mutations

You are under a permanent stasis effect.
You can dig through walls and to a lower floor.
Your four strong arms can wield two-handed weapons with a shield.
You have a pair of large antennae on your head. (SInv)


Message History

Your shield prevents you from hitting Grinder.
Grinder is moderately wounded.
You block Grinder's attack.
Grinder blinks!
You are feeling hungry.
You closely miss Grinder.
Grinder is moderately wounded.
Grinder gestures at you.
Your stasis keeps you stable.
You slash Grinder!
Grinder is heavily wounded.
Grinder hits you.
You writhe in agony.
* * * LOW HITPOINT WARNING * * *
Unknown command.
Unknown command.
You closely miss Grinder.
Grinder is heavily wounded.
Grinder hits you!
* * * LOW HITPOINT WARNING * * *
You writhe in agony.
You die...

.#..##.#.# #<.##)#.#
#.....#.# #.##..#.##
.#.##..#..###.#
..............#
#####.###.######
#.###5####.########.
#......##..5@.......
#..##.5###.#########
#..##......#
#..........#
##.###.##.## #
#.##.# ..##.#
####... ...


You could see Grinder.

Vanquished Creatures
  Jessica (D:2)
  An adder (D:2)
  A worm (D:2)
  A dart slug (D:1)
  A leopard gecko (D:1)
  8 bats
  2 giant cockroaches (D:2)
  3 goblins
  5 hobgoblins
  4 jackals (D:1)
  A quokka (D:2)
  A frilled lizard (D:1)
  3 kobolds (D:2)
  3 rats
35 creatures vanquished.

Notes
Turn   | Place    | Note
-------+----------+-------------------------------------------
     0 | D:1      | Dipster the Formicid Fighter began the quest for the Orb.
     0 | D:1      | Reached XP level 1. HP: 18/18 MP: 1/1
    21 | D:1      | Reached XP level 2. HP: 16/24 MP: 2/2
   451 | D:1      | Reached skill level 3 in Axes
   649 | D:1      | Reached XP level 3. HP: 29/29 MP: 3/3
   933 | D:2      | Found a faded altar of an unknown god.
  1216 | D:2      | Found a bloodstained altar of Trog.
  1221 | D:2      | Reached XP level 4. HP: 35/35 MP: 4/4
  1241 | D:2      | Noticed Jessica
  1246 | D:2      | Killed Jessica
  1246 | D:2      | Reached skill level 4 in Axes
  1376 | D:2      | Found a basalt altar of Yredelemnul.
  1381 | D:2      | Found a hide-covered altar of Uskayaw.
  1588 | D:3      | Noticed Grinder
  1629 | D:3      | HP: 1/35 [Grinder (7)]
  1629 | D:3      | Slain by Grinder

Vault maps used:
D:1:      scummos_arrival_hexagon
D:2:      bloody_trog, nicolae_overflow_hidden_temple, ecumenical_altar_2,
          uniq_jessica
D:3:      lemuel_crystal_altar, fedhas_altar_1, uniq_grinder

Skill      XL: |  1  2  3  4 |
---------------+-------------+-----
Axes           | 3 4 |  4.4
Fighting       | |  3.2
Armour         | |  3.2
Shields        | |  3.6

Action                   |  1- 3 |  4- 6 || total
-------------------------+-------+-------++-------
Melee: War axe           |    96 |    36 ||   132
  Use: Potion            |       |     5 ||     5
  Eat: Chunk             |     1 |     1 ||     2
Armor: Scale mail        |    78 |     8 ||    86
Dodge: Dodged            |    41 |     9 ||    50
Block: Shield            |    61 |    14 ||    75
